[Event "*** Titled Tuesday 3|2 Blitz"]
[Site "Chess.com"]
[Date "2016.01.05"]
[Round "5"]
[White "mateueasily"]
[Black "jcgs1030"]
[Result "0-1"]
[WhiteElo "2321"]
[BlackElo "2214"]
[TimeControl "180+2"]
[EndTime "18:03:44 PST"]
[Termination "jcgs1030 won by resignation"]

1. e4 c5 2. c3 g6 3. d4 cxd4 4. cxd4 Nf6 5. e5 Nd5 6. Nf3 Bg7 7. Bc4 Nb6 8. Bb3 O-O 9. O-O d6 10. Qe2 Bg4 11. e6 f5 12. h3 Bxf3 13. Qxf3 Nc6 14.
Be3 Bxd4 15. Bxd4 Nxd4 16. Qxb7 Nxb3 17. axb3 Rb8 18. Qf3 Qc8 19. Re1 Qb7 20. Qe2 Nd5 21.
Nd2 Nf4 22. Qf3 Qxf3 23. Nxf3 Rb7 24. Nd4 Rc8 25. Rec1 Rc5 26. Rxc5 dxc5 27. Nc6 Nxe6 28. Nxa7 Nd4 29. Nc8 Kf7 30. Ra5 Nxb3 31. Ra7 Rxa7 32.
Nxa7 Nd4 33. Kf1 Ke6 34. Ke1 Kd5 35. Kd2 Kc4 36. Nc8 e5 37. Nd6+ Kb3 38. Nb7 c4 39.
Na5+ Kb4 40. Nb7 Nb3+ 41. Kc2 Nc5 42. Nd6 Nd3 43. Nf7 Kc5 44. f3 Kd4 45. Kd2 Nxb2 46. Ng5 c3+ 47. Kc2 Nc4 48. Nxh7 Ne3+ 49. Kc1 Nxg2 50.
Nf8 Nf4 51. Nd7 Nxh3 52. Nf8 Nf4 53. Nd7 g5 54. Nf6 Nd3+ 55. Kc2 Ne1+ 56. Kd1 Nxf3 57.
Ke2 c2 0-1

[Event "*** Titled Tuesday 3|2 Blitz"]
[Site "Chess.com"]
[Date "2016.01.05"]
[Round "5"]
[White "Assasin14"]
[Black "pedromartinez91"]
[Result "1-0"]
[WhiteElo "1987"]
[BlackElo "2081"]
[TimeControl "180+2"]
[EndTime "18:04:11 PST"]
[Termination "Assasin14 won by resignation"]

1. e4 e6 2. d4 d5 3. Nc3 Nf6 4. Bg5 Be7 5. e5 Nfd7 6. h4 Nc6 7. Be3 f5 8. exf6 Nxf6 9. Bb5 O-O 10. Nf3 Bd7 11.
Bxc6 Bxc6 12. Ne5 Be8 13. Qd2 c5 14. dxc5 Qc7 15. Bd4 Bxc5 16. O-O-O b5 17. Bxc5 Qxc5 18. Qd4 Qc7 19. g4 a5 20. g5 Nh5 21. Ne2 Rc8 22. Rd2 Bg6 23. Rh3 b4 24. c3 Bf5 25.
Rf3 Be4 26. Rxf8+ Rxf8 27. Ng1 Nf4 28. f3 bxc3 29. Qxc3 Qxc3+ 30. bxc3 Bf5 31. Ne2 Rb8 32. Kd1 Rb1+ 33. Nc1 a4 34. Rd4 Ng2 35. Rxa4 Ne3+ 36. Kd2 Nc4+ 37. Nxc4 dxc4 38. Rxc4 Kf7 39. Rc7+ Kg6 40.
f4 Kh5 41. Rxg7 Kxh4 42. a4 Kg3 43. Ne2+ Kf2 44. Nd4 Rb2+ 45. Kc1 Ra2 46. Nxf5 exf5 47. Rxh7 Rxa4 48. Kd2 Rxf4 49. g6 Rg4 50. Rf7 f4 51.
g7 Kg3 52. Ke2 Rg6 53. c4 Re6+ 54. Kf1 Rg6 55. c5 f3 56. c6 Rxc6 57. g8=Q+ 1-0

[Event "*** Titled Tuesday 3|2 Blitz"]
[Site "Chess.com"]
[Date "2016.01.05"]
[Round "5"]
[White "wonderfultime"]
[Black "Gabrielian_Artur"]
[Result "1-0"]
[WhiteElo "2616"]
[BlackElo "2478"]
[TimeControl "180+2"]
[EndTime "18:04:38 PST"]
[Termination "wonderfultime won by resignation"]

1. d4 Nf6 2. c4 c5 3. d5 e6 4. Nc3 exd5 5. cxd5 d6 6. Nf3 g6 7. Bf4 a6 8. a4 Bg7 9. e3 O-O 10. h3 Re8 11. Nd2 Nbd7 12. Be2 Ne5 13. O-O b6 14. Re1 Nfd7 15. Bf1 f5 16. Bh2 Nf7 17. Qb3 Rb8 18.
Rab1 Qf6 19. Nc4 Nfe5 20. Nd2 h5 21. Qc2 Kh7 22. b4 cxb4 23. Rxb4 Bb7 24. Qb1 Rbc8 25. Rc1 Nd3 26. Qxd3 Rxc3 27. Rxc3 Qxc3 28. Bxd6 a5 29. Rc4 Qxd3 30. Bxd3 Bxd5 31. Rc7 Nf6 32. Bb5 Rg8 33. Nc4 Bxc4 34. Bxc4 Rd8 35. Bf4 Kh8 36. Rc6 Rd1+ 37. Kh2 Rd2 38. f3 Rb2 39. Bf7 Kh7 40. Bg5 Rb4 41. h4 Rxa4 42. Bxf6 Bxf6 43. Rxf6 Kg7 44.
Be8 Rxh4+ 45. Kg3 Kxf6 46. Kxh4 Ke7 47. Bxg6 a4 48. Bxf5 b5 49. Bc2 Kd6 50. f4 Kc5 51. f5 Kc4 52. f6 Kc3 53. Bxa4 bxa4 54. f7 1-0

[Event "*** Titled Tuesday 3|2 Blitz"]
[Site "Chess.com"]
[Date "2016.01.05"]
[Round "5"]
[White "DeviatkinAndrey"]
[Black "Recombinant"]
[Result "1-0"]
[WhiteElo "2474"]
[BlackElo "2195"]
[TimeControl "180+2"]
[EndTime "18:04:51 PST"]
[Termination "DeviatkinAndrey won by resignation"]

1. e4 c5 2. c3 g6 3. d4 cxd4 4. cxd4 d5 5. e5 Nc6 6. Be3 Bh6 7. Nc3 Bxe3 8. fxe3 Nh6 9. Bd3 O-O 10. Nf3 Bf5 11.
O-O Bxd3 12. Qxd3 e6 13. Rac1 Nf5 14. a3 f6 15. exf6 Qxf6 16. b4 Rac8 17. b5 Nce7 18. Ne5 Qg5 19. Rce1 Nh4 20. g3 Rxf1+ 21. Rxf1 Nhf5 22.
Rf3 Nd6 23. Rf4 Nef5 24. a4 h5 25. Nf3 Qe7 26. g4 hxg4 27. Rxg4 Qh7 28. Ne5 Qh3 29. Rxg6+ Kf8 30. Rg2 Qxe3+ 31. Qxe3 Nxe3 32. Rf2+ Kg7 33. Ne2 Ne4 34. Rf7+ Kg8 35. Rf3 Nf5 36. Rd3 Rc2 37. Nf4 Rc1+ 38. Kg2 Nh4+ 39. Kh3 Nf5 40. Kg2 Rc2+ 41.
Kf1 Rxh2 42. Nxe6 Nfg3+ 43. Kg1 Ra2 44. Nf4 Rxa4 45. Nxd5 Ra1+ 46. Kg2 Ra2+ 47. Kf3 Rb2 48.
b6 axb6 49. Nf4 Rf2+ 50. Kg4 Nf1 51. Ra3 Nf6+ 52. Kg5 Ne4+ 53. Kf5 Nfg3+ 54. Kg4 Nf1 55. Nd5 Rg2+ 56. Kf4 Nf6 57. Nxf6+ Kg7 58. Ne4 Rg1 59.
Ra7 Kh6 60. Rxb7 b5 61. Rb6+ Kh5 62. Rxb5 Kh4 63. Nf3+ 1-0

[Event "*** Titled Tuesday 3|2 Blitz"]
[Site "Chess.com"]
[Date "2016.01.05"]
[Round "5"]
[White "zanbato17"]
[Black "Iball95"]
[Result "0-1"]
[WhiteElo "2238"]
[BlackElo "2402"]
[TimeControl "180+2"]
[EndTime "18:05:27 PST"]
[Termination "Iball95 won by checkmate"]

1. d4 Nf6 2. c4 e6 3. Nf3 c5 4.
d5 b5 5. b3 exd5 6. cxd5 Bb7 7. e4 Nxe4 8. Bxb5 Qa5+ 9. Nbd2 Nxd2 10. Qe2+ Ne4+ 11. Bd2 Qb6 12. Qxe4+ Be7 13. Bd3 Qg6 14. Qxg6 hxg6 15. Bc4 d6 16. O-O Nd7 17. Rfe1 Kd8 18. Bg5 Bf6 19. Bf4 Bxa1 20. Rxa1 Kc7 21. Ng5 Rhf8 22. Re1 Rae8 23. Ne4 Ne5 24. h3 f6 25.
Nc3 Nf3+ 26. gxf3 Rxe1+ 27. Kg2 a6 28. Ne4 Rxe4 29. fxe4 g5 30. Bg3 Re8 31. Kf3 Bc8 32.
Bf1 a5 33. h4 g4+ 34. Kf4 Bd7 35. Bg2 a4 36. f3 axb3 37. axb3 gxf3 38. Bxf3 Rb8 39. Bd1 Rb4 40. Ke3 Rb8 41. Bc2 Re8 42. Kf3 Bb5 43. Kg4 Rh8 44. Kf5 Be8 45. Ke6 Bd7+ 46.
Kf7 g5 47. hxg5 fxg5 48. e5 Rh3 49. exd6+ Kc8 50. Bf2 Rf3+ 51. Ke7 Rxf2 52. Bd3 Bh3 53. Ba6+ Kb8 54. d7 Bxd7 55. Kxd7 g4 56. d6 g3 57. Kc6 g2 58. d7 Rd2 59. Bc4 g1=Q 60. Be6 Qg2+ 61. Kb5 Qb7+ 62. Kc4 Qb4# 0-1

[Event "*** Titled Tuesday 3|2 Blitz"]
[Site "Chess.com"]
[Date "2016.01.05"]
[Round "5"]
[White "nfds"]
[Black "cheese111"]
[Result "0-1"]
[WhiteElo "2330"]
[BlackElo "2261"]
[TimeControl "180+2"]
[EndTime "18:05:50 PST"]
[Termination "cheese111 won on time"]

1. d4 Nf6 2. Nf3 g6 3. Nc3 Bg7 4. e4 d6 5. Bg5 c6 6. Qd2 b5 7.
Bd3 h6 8. Bxf6 Bxf6 9. e5 Bg7 10.
Ne4 O-O 11. Qf4 dxe5 12. Nxe5 Be6 13. h4 Qc8 14. h5 g5 15. Qe3 Nd7 16. Nf3 Nb6 17. c3 Nd5 18. Qd2 Nf4 19. Bf1 Bd5 20.
Qe3 Qg4 21. Rh2 Nxg2+ 22. Bxg2 Qxe4 23. O-O-O Qxe3+ 24. fxe3 Bxa2 25. e4 Bb3 26. Rg1 Rfd8 27. Nd2 Be6 28. e5 Rac8 29. Ne4 Bd5 30. Nc5 Bxg2 31.
Rhxg2 Rd5 32. b4 a5 33. bxa5 Bxe5 34. a6 Bf4+ 35. Kc2 Bd6 36. Nd3 Ra8 37. Ra1 Bc7 38.
Nb4 Rd6 39. Re2 e6 40. Kb3 Bb6 41. Nd3 Rd7 42. Nb4 c5 43. dxc5 Bxc5 44. Nc6 Rd6 45. Ne5 Rdxa6 46. Rxa6 Rxa6 47. Nd7 Rc6 48. Nf6+ Kg7 49.
Ne8+ Kf8 50. Nf6 Be7 51. Ng4 Kg7 52. Rf2 f5 53. Ne5 Rc5 54. Nd3 Rc7 55. Re2 Bf6 56. Kb4 Rxc3 57. Nc5 Rc4+ 58. Kxb5 Rh4 59. Nxe6+ Kf7 60.
Nc7 Rxh5 61. Nd5 Rh4 62. Kc6 Rd4 63. Kc5 Rd1 64. Rh2 Bd4+ 65. Kc4 Bg7 66. Ne3 Rd4+ 67. Kb5 f4 68. Ng4 Kg6 69. Kc5 Rd1 70. Ra2 h5 71. Nh2 g4 72. Kc4 Kg5 73. Ra5+ Kh4 74. Ra7 Bf6 0-1

[Event "*** Titled Tuesday 3|2 Blitz"]
[Site "Chess.com"]
[Date "2016.01.05"]
[Round "5"]
[White "oskariot"]
[Black "Fibrinogen"]
[Result "0-1"]
[WhiteElo "2321"]
[BlackElo "2205"]
[TimeControl "180+2"]
[EndTime "18:05:59 PST"]
[Termination "Fibrinogen won by resignation"]

1. e4 e5 2. Nf3 Nc6 3. Bb5 a6 4. Ba4 Nf6 5. O-O Be7 6. Re1 b5 7. Bb3 O-O 8. a4 b4 9. a5 d6 10. h3 h6 11. c3 bxc3 12. dxc3 Be6 13. Bd5 Qd7 14. Qd3 Bxd5 15. exd5 Nb8 16. Nbd2 c6 17. c4 c5 18. g4 Nh7 19. Nf1 f5 20. gxf5 Rxf5 21.
Ng3 Rf7 22. Kg2 Qc8 23. Ra3 Nd7 24. Ne4 Ndf6 25. Nxf6+ Nxf6 26. Nd2 Qd7 27. Ne4 Raf8 28.
Re2 Qf5 29. Nxf6+ Qxf6 30. Qe4 Bd8 31. Bd2 Kh8 32. Rg3 g5 33. Qg4 Qg7 34. Qh5 Qh7 35.
b4 e4 36. bxc5 dxc5 37. Bc3+ Bf6 38. Bxf6+ Rxf6 39. Qg4 Qf7 40. Qxe4 Rxf2+ 41. Kh1 Rxe2 42. Qxe2 Qf4 43. Qd3 Qf2 44. Qe3 Qf1+ 45. Rg1 Qxc4 46. Qe5+ Kh7 47. Qe7+ Kg8 48. Qe6+ Kg7 49. Qe5+ Kg8 50.
Qe6+ Kg7 51. Qe7+ Rf7 52. Qe5+ Kg8 53. d6 Qd3 54. Qe8+ Kg7 55. Qe5+ Kh7 56. Kh2 Rd7 57.
Re1 Qxd6 58. Qxd6 Rxd6 59. Re7+ Kg6 60. Rc7 Rd2+ 61. Kg3 Rc2 62. Rc6+ Kh5 63. Rxa6 c4 64. Rc6 c3 65. a6 Ra2 66. Rxc3 Rxa6 67. Rc4 Rf6 68.
Kg2 Rf4 69. Rxf4 gxf4 70. Kf3 Kg5 71. Ke4 h5 72. Kf3 Kf5 73. Kf2 Ke4 74. Ke2 f3+ 75.
Kf2 Kf4 76. Kf1 Kg3 77. Kg1 0-1

[Event "*** Titled Tuesday 3|2 Blitz"]
[Site "Chess.com"]
[Date "2016.01.05"]
[Round "5"]
[White "AlexanderL"]
[Black "Silent_Terror"]
[Result "0-1"]
[WhiteElo "2596"]
[BlackElo "2662"]
[TimeControl "180+2"]
[EndTime "18:06:08 PST"]
[Termination "Silent_Terror won on time"]

1. d4 e6 2. c4 Bb4+ 3. Bd2 Bxd2+ 4. Qxd2 Nf6 5. Nc3 d5 6. e3 O-O 7. Nf3 Qe7 8. a3 Rd8 9. c5 Nbd7 10. b4 c6 11. Qc2 e5 12. Be2 e4 13. Nd2 Nf8 14. b5 Ng6 15. Rb1 h5 16. bxc6 bxc6 17. Qa4 Qc7 18. Nb3 Bd7 19. Qa5 Qxa5 20. Nxa5 Rdb8 21. O-O Ne8 22. Ba6 Rxb1 23. Rxb1 Ne7 24. Rb7 Nf6 25.
Rc7 Rb8 26. Bb7 Kf8 27. h3 Ke8 28. Ba6 Ra8 29. Nb7 Be6 30. Na2 Kf8 31. Nd6 Ne8 32.
Nxe8 Kxe8 33. Nb4 Kd8 34. Rxe7 Kxe7 35. Nxc6+ Kd7 36. Bb7 Rf8 37. Nb4 Rb8 38. c6+ Kd6 39. Na6 Rf8 40. h4 Bc8 41. Kf1 f6 42. Ke2 g5 43. g3 Rg8 44. Kd2 Be6 45. Nc5 Bc8 46. Na6 Be6 47. Nc5 Bc8 48. Na6 gxh4 49. gxh4 f5 50.
Kc3 Be6 51. Nc5 Bc8 52. Na6 Rf8 53. Kb4 Be6 54. Kb5 f4 55. Nc5 Bg4 56. Ka6 fxe3 57. fxe3 Rf3 58. Kxa7 Rxe3 59. Kb8 Rxa3 60. c7 e3 61. Bc8 Bxc8 62. Kxc8 e2 63. Kd8 e1=Q 64. Nb7+ Ke6 65. c8=Q+ Kf6 66. Qc6+ Qe6 67. Nd6 Qe7+ 68. Kc8 Qe6+ 69. Kd8 Ra7 70. Ne8+ Kf7 71. Nd6+ Kg6 72.
Qc2+ Kg7 73. Qg2+ Kh8 74. Nf7+ Qxf7 75. Qg7+ Qxg7 0-1

[Event "*** Titled Tuesday 3|2 Blitz"]
[Site "Chess.com"]
[Date "2016.01.05"]
[Round "5"]
[White "saraswathii"]
[Black "AdrianaNikolova"]
[Result "1-0"]
[WhiteElo "1906"]
[BlackElo "2135"]
[TimeControl "180+2"]
[EndTime "18:06:18 PST"]
[Termination "saraswathii won by checkmate"]

1. e4 c5 2. d3 Nc6 3. Nf3 g6 4. g3 Bg7 5. Bg2 Nf6 6. O-O O-O 7. c3 d5 8. e5 Nd7 9. d4 cxd4 10. cxd4 Nb6 11. Nc3 Bg4 12. h3 Bxf3 13. Bxf3 e6 14. Bf4 f6 15. exf6 Bxf6 16. Nb5 Qd7 17. Re1 Rae8 18. Bd6 Rf7 19. Bc5 Nc8 20. Rc1 b6 21.
Ba3 a6 22. Nc3 Bxd4 23. Nxd5 exd5 24. Rxe8+ Qxe8 25. Bxd5 Bxf2+ 26. Kg2 Bc5 27. Bxc5 bxc5 28. Rxc5 N8e7 29. Bxf7+ Qxf7 30. b3 Qe6 31. Qf3 Nd4 32. Qd3 Ndf5 33. Kf2 Qb6 34. Qc4+ Kg7 35. Qc3+ Kf7 36.
Qc4+ Kf8 37. b4 Nd6 38. Qf4+ Ke8 39. Ke2 Nb7 40. Re5 Qc7 41. Qf6 Qc2+ 42. Kf3 Qd1+ 43. Re2 Qd5+ 44. Kf2 Qf5+ 45. Qxf5 gxf5 46. Re6 a5 47. b5 Kd7 48. Rb6 Kc7 49. Rh6 Nd6 50. Rxh7 Kd7 51. b6 Ke6 52. h4 Kf6 53. h5 Ne4+ 54.
Kg2 Nc5 55. Rh6+ Kg7 56. Rd6 Kf7 57. h6 Nb7 58. Rd7 Nc5 59. Rxe7+ Kxe7 60. h7 Kd6 61. h8=Q Kc6 62. Qd8 Na6 63. Kf3 Kb5 64. b7 a4 65.
b8=Q+ Nxb8 66. Qxb8+ Kc4 67. Qb2 a3 68. Qxa3 Kd4 69.
Qb4+ Kd5 70. a4 Ke6 71. Qc5 Kf6 72. Kf4 Kg6 73. Qxf5+ Kg7 74. Qe6 Kh7 75. Kf5 Kg7 76. Qg6+ Kf8 77. Qh7 Ke8 78. Ke6 Kd8 79. Qd7# 1-0

[Event "*** Titled Tuesday 3|2 Blitz"]
[Site "Chess.com"]
[Date "2016.01.05"]
[Round "5"]
[White "jcibarra"]
[Black "JusticeBot"]
[Result "1-0"]
[WhiteElo "2515"]
[BlackElo "2475"]
[TimeControl "180+2"]
[EndTime "18:06:21 PST"]
[Termination "jcibarra won by resignation"]

1. e4 e5 2. Nf3 Nc6 3. Bb5 a6 4.
Bxc6 dxc6 5. O-O Bg4 6. h3 h5 7. d3 Qf6 8. Nbd2 Ne7 9. Re1 Ng6 10. d4 Nf4 11. dxe5 Qg6 12. Nh4 Bxd1 13. Nxg6 Nxg6 14.
Rxd1 O-O-O 15. Rf1 Bb4 16. c3 Bc5 17. Nc4 Rhe8 18. Bg5 Rd7 19. Rad1 Rxd1 20. Rxd1 b5 21. Be3 bxc4 22. Bxc5 Rxe5 23. Bd4 Rxe4 24. Kf1 f6 25. f3 Re8 26. Bf2 Ne5 27. Bg3 Nd3 28. b3 Rd8 29. Ke2 cxb3 30. axb3 Nc5 31. Rb1 Re8+ 32. Kd2 Rd8+ 33.
Ke2 Kb7 34. Bf2 Nd3 35. Be3 Ne5 36. Ra1 Re8 37. Kd2 Rd8+ 38. Ke2 Re8 39. Kd2 Rd8+ 40. Kc2 Ng6 41. Ra4 Re8 42. Kd2 Rd8+ 43. Ke2 Ne7 44. Rb4+ Kc8 45. Rc4 Rd5 46. Ra4 Kb7 47. c4 Re5 48.
Kd3 Nf5 49. Bf2 Re7 50. Rb4+ Kc8 51. Ra4 Kb7 52. Rb4+ Kc8 53. Ra4 Kb7 54. Ra5 Rd7+ 55.
Kc3 g6 56. g4 hxg4 57. hxg4 Nd6 58. Bd4 Rh7 59. Kd3 Rh3 60. Ke3 f5 61. g5 Rh1 62.
Ra2 Rb1 63. Rb2 Re1+ 64. Kf4 Kc8 65. Rh2 Re6 66. Rh7 a5 67. Rg7 a4 68. bxa4 Nxc4 69. Bf6 Nb6 70. Rxg6 Nxa4 71. Kxf5 Rd6 72. Rg8+ Kb7 73.
g6 Nc5 74. g7 Rd5+ 75. Be5 Nd7 76. Re8 Nxe5 77. Rxe5 Rd8 78. Kg6 Kb6 79. Kf7 c5 80. g8=Q Rxg8 81. Kxg8 c4 82. f4 c3 83. Re3 c2 84. Rc3 c5 85. Rxc2 Kc6 86. f5 Kd5 87. f6 Kd4 88. f7 c4 89. f8=Q Kd3 1-0

[Event "*** Titled Tuesday 3|2 Blitz"]
[Site "Chess.com"]
[Date "2016.01.05"]
[Round "6"]
[White "RitchieBlackmore"]
[Black "DeviatkinAndrey"]
[Result "1/2-1/2"]
[WhiteElo "2461"]
[BlackElo "2474"]
[TimeControl "180+2"]
[EndTime "18:11:18 PST"]
[Termination "Game drawn by agreement"]

1. d4 d5 2. Nf3 Nf6 3. Bg5 e6 4.
Nbd2 Be7 5. Bxf6 Bxf6 6. e4 c5 7. exd5 Qxd5 8. Bc4 Qd8 9. O-O cxd4 10. Ne4 Nc6 11. Bb5 e5 12. c3 O-O 13. Bxc6 bxc6 14. cxd4 exd4 15. Nxf6+ Qxf6 16. Qxd4 Qxd4 17. Nxd4 c5 18.
Nc6 Be6 19. Rfc1 c4 20. Ne5 Rab8 21. Nxc4 Bxc4 22. Rxc4 Rxb2 23. Rc7 Rfb8 24. Rac1 h6 25. Rxa7 Rc2 26. Rf1 Rbb2 27. a4 Ra2 28. a5 g5 29.
g3 Kg7 30. a6 h5 31. Kg2 g4 32. h3 Rc6 33. hxg4 hxg4 34. Rb7 Rcxa6 35. Rb4 R2a4 1/2-1/2

[Event "*** Titled Tuesday 3|2 Blitz"]
[Site "Chess.com"]
[Date "2016.01.05"]
[Round "6"]
[White "AUSSIE_PINOY"]
[Black "HansCoolNiemann"]
[Result "0-1"]
[WhiteElo "2316"]
[BlackElo "2240"]
[TimeControl "180+2"]
[EndTime "18:11:35 PST"]
[Termination "HansCoolNiemann won by resignation"]

1. d4 Nf6 2. Nf3 g6 3. c4 Bg7 4. Nc3 d5 5. Bg5 Ne4 6. Bh4 Nxc3 7. bxc3 dxc4 8. e3 Be6 9. Nd2 b5 10. Qb1 c6 11. Be2 Nd7 12. a4 a6 13. Bf3 Bd5 14.
Bxd5 cxd5 15. axb5 axb5 16. Rxa8 Qxa8 17. Qxb5 Qa1+ 18.
Nb1 O-O 19. O-O Rb8 20. Qxd7 Rxb1 21. Qe8+ Bf8 22. h3 Rxf1+ 23. Kh2 Rh1+ 24. Kg3 Qa7 25.
Qd8 Qb7 26. f3 Ra1 27. e4 dxe4 0-1

[Event "*** Titled Tuesday 3|2 Blitz"]
[Site "Chess.com"]
[Date "2016.01.05"]
[Round "6"]
[White "jcgs1030"]
[Black "MinhGTrAn"]
[Result "0-1"]
[WhiteElo "2210"]
[BlackElo "2542"]
[TimeControl "180+2"]
[EndTime "18:11:39 PST"]
[Termination "MinhGTrAn won by resignation"]

1. e4 c5 2. Nf3 d6 3. d4 cxd4 4.
Nxd4 Nf6 5. Nc3 a6 6. Bg5 e6 7.
f4 Be7 8. Qe2 h6 9. Bh4 Qc7 10.
O-O-O Nbd7 11. f5 e5 12. Nf3 b5 13. Rg1 Bb7 14. g4 Nb6 15. Bf2 b4 16. Bxb6 Qxb6 17. Nd5 Nxd5 18. exd5 Qa5 19. Qc4 Rc8 20. Qb3 Rc5 21.
Qc4 Rxc4 22. Bxc4 0-1

[Event "*** Titled Tuesday 3|2 Blitz"]
[Site "Chess.com"]
[Date "2016.01.05"]
[Round "6"]
[White "FairChess_on_YouTube"]
[Black "cheese111"]
[Result "1-0"]
[WhiteElo "2736"]
[BlackElo "2260"]
[TimeControl "180+2"]
[EndTime "18:11:44 PST"]
[Termination "FairChess_on_YouTube won by resignation"]

1. e4 e5 2. Nf3 Nc6 3. Bb5 a6 4. Ba4 Nf6 5. O-O Be7 6. Bxc6 dxc6 7. d3 Nd7 8. Nbd2 O-O 9. Nc4 f6 10. Nh4 Nc5 11. b3 Ne6 12. Nf5 c5 13. Qg4 g6 14.
Qg3 Nd4 15. Nxd4 exd4 16. Bf4 b5 17. Bxc7 Qe8 18. Nb6 Ra7 19. Nd5 Rf7 20. Nxe7+ Rxe7 21.
Bd6 Red7 22. Bxc5 Rac7 23. b4 Rc6 24. f4 Qf7 25. a3 Bb7 26. f5 g5 27. Rae1 Rc8 28.
e5 1-0

[Event "*** Titled Tuesday 3|2 Blitz"]
[Site "Chess.com"]
[Date "2016.01.05"]
[Round "6"]
[White "kharposh"]
[Black "Piccadilly123"]
[Result "0-1"]
[WhiteElo "2065"]
[BlackElo "1733"]
[TimeControl "180+2"]
[EndTime "18:12:04 PST"]
[Termination "Piccadilly123 won by resignation"]

1. e4 c5 2. Nf3 d6 3. d4 cxd4 4. Nxd4 Nf6 5. Nc3 g6 6. Bc4 Bg7 7. Be3 Ng4 8. Bg5 h6 9. Bb5+ Kf8 10. Bh4 Qb6 11. Nd5 Qxd4 12. Qxd4 Bxd4 13. Nc7 Bxb2 14.
Rb1 Bc3+ 15. Ke2 a6 16. Bd3 Ra7 17. Nd5 Bf6 18. Bg3 Nc6 19. Nb6 Kg7 20. h3 Nd4+ 21. Kd2 Ne5 22. c3 Ndc6 23. f4 Nxd3 24. Kxd3 Be6 25.
Rhe1 Rd8 26. Rb2 Kf8 27. Kc2 Na5 28. e5 dxe5 29. fxe5 Bg5 30. Rd1 Bf5+ 0-1

[Event "*** Titled Tuesday 3|2 Blitz"]
[Site "Chess.com"]
[Date "2016.01.05"]
[Round "6"]
[White "mateueasily"]
[Black "Cecile_Haussernot"]
[Result "1-0"]
[WhiteElo "2326"]
[BlackElo "2178"]
[TimeControl "180+2"]
[EndTime "18:12:10 PST"]
[Termination "mateueasily won by resignation"]

1. e4 c5 2. c3 Nf6 3. e5 Nd5 4. g3 d6 5. exd6 e6 6. Bg2 Bxd6 7. Ne2 O-O 8. O-O Nc6 9. d4 c4 10. b3 b5 11. a4 Ba6 12. Nd2 cxb3 13. axb5 Bxb5 14.
c4 Qb6 15. cxb5 Qxb5 16. Nxb3 Rab8 17. Nd2 a5 18. Ne4 Be7 19. N2c3 Nxc3 20. Nxc3 Qc4 21.
Ne2 Bb4 22. Bf4 Rbd8 23. Rc1 Qa2 24. Rxc6 f6 25. Qc2 Qxc2 26. Rxc2 a4 27. Rc4 1-0

[Event "*** Titled Tuesday 3|2 Blitz"]
[Site "Chess.com"]
[Date "2016.01.05"]
[Round "6"]
[White "Aygehovit1992"]
[Black "tigra"]
[Result "0-1"]
[WhiteElo "2388"]
[BlackElo "2288"]
[TimeControl "180+2"]
[EndTime "18:12:42 PST"]
[Termination "tigra won by resignation"]

1. e3 Nf6 2. c4 e5 3. Nc3 Nc6 4. a3 d5 5. cxd5 Nxd5 6. Qc2 Nxc3 7. bxc3 Bd6 8. d4 O-O 9. Nf3 Qe7 10. Bc4 Na5 11.
Ba2 c5 12. dxe5 Bxe5 13. Nxe5 Qxe5 14. f4 Bf5 15. fxe5 Bxc2 16. e6 Bb3 17. exf7+ Rxf7 18. Bb1 Rd8 19. Ke2 Bc4+ 20. Ke1 Nb3 21. Ba2 Rd3 22.
Bxb3 Bxb3 23. Rb1 Rd1+ 0-1

[Event "*** Titled Tuesday 3|2 Blitz"]
[Site "Chess.com"]
[Date "2016.01.05"]
[Round "6"]
[White "Recombinant"]
[Black "pedromartinez91"]
[Result "0-1"]
[WhiteElo "2184"]
[BlackElo "2092"]
[TimeControl "180+2"]
[EndTime "18:13:00 PST"]
[Termination "pedromartinez91 won by resignation"]

1. d4 d5 2. c4 dxc4 3. Nf3 Nf6 4.
e3 e6 5. Bxc4 c5 6. O-O Nc6 7. Nc3 a6 8. a4 Be7 9. dxc5 Qa5 10.
Qe2 Qxc5 11. e4 Qh5 12. e5 Ng4 13. Bf4 O-O 14. h3 Nh6 15. Rad1 Rd8 16. Rxd8+ Bxd8 17. Rd1 Bb6 18. Ne4 Nf5 19. g4 Qxh3 20. gxf5 Qg4+ 21. Bg3 exf5 22. a5 fxe4 23. axb6 exf3 24. Qe3 Qxc4 25. Qg5 Be6 26. Kh2 h6 27. Qe3 Qg4 0-1

[Event "*** Titled Tuesday 3|2 Blitz"]
[Site "Chess.com"]
[Date "2016.01.05"]
[Round "6"]
[White "StellarChessPro"]
[Black "Jahonas"]
[Result "1-0"]
[WhiteElo "2242"]
[BlackElo "2109"]
[TimeControl "180+2"]
[EndTime "18:13:06 PST"]
[Termination "StellarChessPro won by resignation"]

1. d4 Nf6 2. Bg5 h6 3. Bxf6 exf6 4. e4 d5 5. exd5 Qxd5 6. Nc3 Bb4 7. Ne2 O-O 8. a3 Bxc3+ 9. Nxc3 Re8+ 10. Ne2 Bg4 11. f3 Bh5 12. Qd3 Nc6 13. O-O-O Qa2 14. Qb3 Qxb3 15.
cxb3 Na5 16. Nf4 Bg6 17. Nxg6 fxg6 18. b4 Nc6 19. Bb5 Re3 20. Bxc6 bxc6 21. Rhe1 Rxe1 22. Rxe1 Kf7 23. Kd2 Rd8 24. Kd3 Rd6 25. Rc1 Ke7 26. Rc5 Rd5 27. Rxc6 Kd7 28. Ra6 h5 29. Rxa7 Rg5 30. g3 h4 31. g4 Rd5 32. Kc4 Rd6 33. b5 Kc8 34. Ra6 Rd8 35. Re6 Kd7 36. Re2 Rf8 37. a4 g5 38. a5 f5 39. a6 fxg4 40.
fxg4 Rf1 41. Re5 1-0

[Event "*** Titled Tuesday 3|2 Blitz"]
[Site "Chess.com"]
[Date "2016.01.05"]
[Round "6"]
[White "RobertoSuardi"]
[Black "alex_zapata"]
[Result "0-1"]
[WhiteElo "1919"]
[BlackElo "2198"]
[TimeControl "180+2"]
[EndTime "18:13:19 PST"]
[Termination "alex_zapata won by resignation"]

1. Nf3 d5 2. b3 c5 3. e3 Nf6 4.
Bb2 Nc6 5. Be2 Bf5 6. O-O e6 7. d4 h6 8. c4 Be7 9. dxc5 O-O 10. cxd5 Nxd5 11. Nc3 Nxc3 12. Bxc3 Bxc5 13. Rc1 Ba3 14.
Qxd8 Rfxd8 15. Rcd1 Rac8 16. Rxd8+ Nxd8 17. Rd1 Rxc3 18. Rxd8+ Kh7 19. h3 Rc2 20. Nd4 Rxa2 21. Nxf5 exf5 22.
Bc4 Kg6 23. Rd7 f6 24. Rxb7 Bc5 25. g3 a5 26. h4 h5 27. Rb5 Bb4 28. Kg2 Be1 29.
Bf7+ Kxf7 30. Rxf5 g6 31. Rf4 Rb2 32. Kf1 Bb4 33. e4 Ke6 34. Rf3 Bc5 35. Kg2 Ke5 36.
Kf1 Bd4 37. Ke1 Kxe4 0-1

[Event "*** Titled Tuesday 3|2 Blitz"]
[Site "Chess.com"]
[Date "2016.01.05"]
[Round "6"]
[White "Silent_Terror"]
[Black "nijat_a"]
[Result "0-1"]
[WhiteElo "2591"]
[BlackElo "2729"]
[TimeControl "180+2"]
[EndTime "18:14:07 PST"]
[Termination "nijat_a won by resignation"]

1. e4 Nf6 2. Nc3 e5 3. Nf3 Nc6 4. Be2 Bb4 5. d3 d5 6. exd5 Nxd5 7. Bd2 O-O 8. O-O Bf5 9. Nxd5 Qxd5 10. a3 Be7 11. Be3 Rad8 12. Nd2 Nd4 13. Re1 Rfe8 14. Bf1 Bf6 15. g3 c6 16. Bg2 Qb5 17. Rb1 Qa4 18. Bxd4 exd4 19. b3 Qxa3 20. Rxe8+ Rxe8 21. Ra1 Qc5 22. Ne4 Bxe4 23. Bxe4 a6 24. Qg4 g6 25. Qe2 Kg7 26.
Qd2 Bg5 27. f4 Bf6 28. Kf2 Rxe4 29. Ra5 b5 30. b4 Qh5 31. dxe4 Qxh2+ 32. Ke1 Qxg3+ 33.
Qf2 Qc3+ 34. Qd2 Qg3+ 35. Qf2 Qc3+ 36. Qd2 Qf3 37. Qe2 Qxf4 38. Rxa6 h5 39. Rxc6 h4 40. Ra6 h3 41. Ra3 Qc1+ 0-1

[Event "*** Titled Tuesday 3|2 Blitz"]
[Site "Chess.com"]
[Date "2016.01.05"]
[Round "6"]
[White "oskariot"]
[Black "Colombiano07"]
[Result "1/2-1/2"]
[WhiteElo "2318"]
[BlackElo "2171"]
[TimeControl "180+2"]
[EndTime "18:14:11 PST"]
[Termination "Game drawn - insufficient material"]

1. Nf3 g6 2. c4 Bg7 3. Nc3 Nf6 4. d4 O-O 5. e4 d6 6. Be2 Na6 7. Be3 e5 8. O-O Ng4 9. Bg5 Qe8 10. Re1 f6 11.
Bh4 g5 12. Bg3 h5 13. h3 h4 14. Bh2 Nxh2 15. Kxh2 Be6 16. Kg1 Rd8 17. d5 Bf7 18. Nh2 Bg6 19. Bg4 f5 20. exf5 Bxf5 21. Bxf5 Rxf5 22.
Ng4 Nc5 23. b4 Nd7 24. Ne4 Nf6 25. Nexf6+ Bxf6 26. Qd3 Rf4 27. Re4 Kg7 28. Rae1 Qg6 29. g3 hxg3 30. fxg3 Rxe4 31. Qxe4 Qxe4 32. Rxe4 Kg6 33.
Kg2 Rc8 34. Ne3 c6 35. Kf3 cxd5 36. Nxd5 a6 37. a4 Kf5 38. Ne3+ Ke6 39. Kg4 b5 40.
axb5 axb5 41. Kf3 bxc4 42. Rxc4 Rxc4 43. Nxc4 d5 44. Nd2 e4+ 45. Nxe4 dxe4+ 46. Kxe4 Bd8 47. h4 gxh4 48. gxh4 Bxh4 49. Kd4 Kd7 50. Kc5 Kc8 51. Kb6 Kb8 52. Ka6 Be1 53. Kb6 Bxb4 1/2-1/2

[Event "*** Titled Tuesday 3|2 Blitz"]
[Site "Chess.com"]
[Date "2016.01.05"]
[Round "6"]
[White "Assasin14"]
[Black "LADIESGET2KNOWME"]
[Result "1-0"]
[WhiteElo "2001"]
[BlackElo "2295"]
[TimeControl "180+2"]
[EndTime "18:14:17 PST"]
[Termination "Assasin14 won by resignation"]

1. e4 e6 2. d4 d5 3. Nc3 Nf6 4. Bg5 Be7 5. e5 Nfd7 6. h4 O-O 7.
Qd2 c5 8. Nf3 cxd4 9. Qxd4 Nc6 10. Qf4 f6 11. exf6 Bxf6 12. Bxf6 Nxf6 13. O-O-O Qe7 14. Qd2 Bd7 15. Bb5 Rfc8 16. Rhe1 a6 17. Bxc6 bxc6 18. Ne5 Rab8 19. Nxd7 Nxd7 20. Ne2 e5 21.
Nd4 Nc5 22. Nxc6 Rxc6 23. Qxd5+ Qe6 24. Rxe5 Qxd5 25. Rexd5 Ne4 26. f3 Nf6 27. Rd8+ Kf7 28. Rxb8 h5 29. Rb7+ Kg6 30. Re1 Nd5 31. Re5 Nf4 32.
Rg5+ Kf6 33. Rgxg7 Ne2+ 34. Kd2 Nd4 35. c3 Nf5 36.
Rbf7+ Ke6 37. Rg6+ 1-0